Map: [ESL] Data-C

Players

Spirit (souL) - Winner!

  • Race: Terran Terran
  • League: Master
  • Spawn Location: 9:00

Lambo

  • Race: Zerg Zerg
  • Spawn Location: 3:00

Event: HomeStory Cup XXII

VOD

Have the link to the VOD?

Description

Time

  • Played on: Dec. 15, 2022, 6:32 a.m.
  • Length: 8:57

All games in this series

Show
View Real Time Build Order
Export as new Build Order

Spirit Terran - Winner!

Build Orders: Reaper Expand, Hellion Banshee 

Get SALT Encoding   

  12  0:00  SCV  
  13  0:12  SCV  
  14  0:17  Supply Depot  
  14  0:24  SCV  
  15  0:38  SCV  
  15  0:40  Barracks  
  16  0:44  Refinery  
  16  0:50  SCV  
  17  1:03  SCV  
  18  1:15  SCV  
  19  1:28  Reaper, Orbital Command  
  20  1:40  Command Center  
  20  1:48  Supply Depot  
  20  1:53  SCV  
  21  1:59  Marine  
  22  2:06  SCV  
  23  2:13  Factory  
  23  2:18  SCV  
  25  2:25  Barracks Reactor  
  24  2:32  SCV  
  25  2:43  Command Center  
  25  2:44  SCV  
  26  2:52  Orbital Command  
  26  2:56  SCV  
  27  3:02  Starport  
  27  3:06  Refinery  
  27  3:08  Hellion  
  27  3:12  Hellion  
  31  3:14  SCV  
  31  3:16  Barracks Tech Lab  
  31  3:19  SCV  
  33  3:26  SCV  
  34  3:31  SCV  
  34  3:34  Hellion  
  37  3:35  Hellion  
  37  3:38  SCV  
  40  3:43  SCV, Banshee  
  44  3:50  SCV  
  44  3:55  Hellion, SCV  
  48  3:56  Hellion, Orbital Command  
  48  3:59  Cloaking Field  
  50  4:03  SCV, Barracks Tech Lab  
  50  4:09  Supply Depot  
  52  4:10  SCV  
  52  4:15  SCV  
  53  4:17  Hellion  
  53  4:18  Hellion  
  53  4:23  SCV  
  58  4:25  SCV  
  58  4:30  SCV, Banshee, Marine  
  64  4:33  Supply Depot  
  64  4:38  Supply Depot, SCV x2  
  66  4:39  Stimpack  
  66  4:40  Orbital Command  
  66  4:43  SCV  
  66  4:45  Barracks  
  67  4:50  Barracks  
  67  4:51  Factory Reactor  
  67  4:54  Refinery  
  67  4:56  SCV, Refinery  
  67  4:59  SCV  
  69  5:04  Engineering Bay  
  69  5:05  Engineering Bay  
  69  5:08  SCV x2  
  69  5:11  SCV  
  72  5:18  Supply Depot  
  72  5:20  SCV x2  
  74  5:23  SCV  
  74  5:27  Barracks  
  75  5:29  Barracks  
  75  5:31  Starport Reactor  
  75  5:32  SCV x2  
  75  5:35  SCV  
  78  5:40  Siege Tank  
  78  5:41  Terran Infantry Armor Level 1, Terran Infantry Weapons Level 1  
  81  5:44  SCV x2  
  81  5:45  Marine  
  81  5:46  Supply Depot, Marine  
  81  5:47  Supply Depot  
  81  5:48  Marine  
  86  5:51  Marine x2  
  86  5:54  SCV  
  86  5:56  SCV  
  90  5:57  SCV  
  90  6:03  Marine  
  92  6:04  Marine  
  92  6:07  SCV  
  94  6:11  SCV  
  94  6:12  Medivac, Siege Tank  
  94  6:15  Supply Depot, Marine  
  94  6:16  Barracks Reactor  
  94  6:18  Bunker  
  101  6:19  Combat Shield  
  101  6:20  Supply Depot, Barracks Reactor  
  101  6:21  Supply Depot  
  101  6:22  SCV  
  102  6:26  Marine  
  102  6:28  Marine x3  
  106  6:33  Marine  
  106  6:38  SCV x2  
  109  6:41  Supply Depot, Medivac  
  109  6:44  Siege Tank, Marine  
  109  6:46  Marine x3  
  118  6:50  SCV  
  118  6:51  Marine  
  118  6:53  Marine  
  121  6:54  SCV  
  121  6:55  Supply Depot  
  121  6:59  Supply Depot  
  121  7:01  Refinery, Medivac, Marine  
  124  7:03  Marine  
  124  7:04  Marine x2  
  128  7:10  Marine  
  128  7:11  Medivac  
  128  7:13  Marine  
  128  7:14  Marine x3  
  135  7:16  Missile Turret  
  135  7:17  Armory  
  135  7:19  Marine  
  135  7:20  Supply Depot  
  135  7:21  Marine x3  
  139  7:27  Supply Depot  
  139  7:28  Marine  
  140  7:31  Marine x2  
  140  7:32  Marine  
  140  7:33  Marine  
  144  7:37  Marine  
  144  7:39  Marine x3  
  144  7:41  Supply Depot  
  148  7:46  Marine  
  148  7:49  Marine x3  
  148  7:50  Marine  
  151  7:54  Medivac x2  
  151  7:55  Marine  
  151  7:57  Marine x3  
  159  8:04  Marine  
  159  8:06  Marine  
  159  8:07  Marine x2  
  159  8:08  Marine  
  149  8:13  Marine  
  149  8:15  Marine x2  
  149  8:16  Marine  
  147  8:22  Marine  
  147  8:24  Marine  
  147  8:25  Medivac x2, Marine x2  
  147  8:26  Marine  
  150  8:30  Marine  
  150  8:32  Marine  
  150  8:33  Marine  
  145  8:34  Marine  
  145  8:39  Marine  
Show
View Real Time Build Order
Export as new Build Order

Lambo Zerg 

Build Orders: Hatch First 

Get SALT Encoding   

  12  0:00  Drone  
  13  0:12  Overlord  
  13  0:16  Drone  
  14  0:30  Drone x2  
  16  0:48  Hatchery  
  15  0:51  Drone  
  15  0:55  Drone  
  17  0:58  Drone  
  18  1:09  Extractor  
  17  1:13  Spawning Pool  
  17  1:17  Drone  
  17  1:20  Drone  
  18  1:27  Drone  
  19  1:39  Drone  
  20  1:49  Drone  
  21  2:00  Queen x2  
  21  2:01  Zergling x2, Drone  
  27  2:11  Zergling x2, Overlord  
  28  2:21  Hatchery  
  27  2:23  Drone  
  28  2:31  Drone  
  28  2:32  Drone x2  
  31  2:40  Queen  
  31  2:44  Overlord  
  33  2:48  Metabolic Boost  
  33  2:52  Drone  
  33  2:53  Drone  
  33  2:57  Drone  
  36  3:03  Queen  
  36  3:05  Drone  
  39  3:11  Drone x2  
  41  3:14  Drone x2  
  41  3:16  Drone  
  41  3:19  Overlord  
  44  3:32  Queen  
  44  3:33  Queen  
  48  3:35  Overlord  
  48  3:38  Drone  
  49  3:42  Drone x2  
  49  3:46  Drone x2  
  49  3:47  Overlord  
  53  3:49  Drone x2  
  53  3:52  Overlord  
  53  3:55  Drone  
  56  4:03  Drone x4  
  56  4:07  Drone x2  
  56  4:08  Queen, Drone  
  65  4:17  Overlord  
  65  4:18  Drone x4  
  69  4:28  Lair  
  69  4:29  Hatchery  
  68  4:32  Drone x2  
  68  4:33  Extractor  
  68  4:36  Drone  
  68  4:38  Drone x2  
  72  4:43  Queen  
  72  4:44  Drone x2  
  76  4:49  Spore Crawler  
  76  4:50  Spore Crawler x2  
  76  4:52  Zergling x8  
  77  4:58  Zergling x4  
  79  5:00  Queen  
  79  5:04  Drone  
  79  5:05  Baneling Nest  
  80  5:07  Drone  
  80  5:12  Extractor  
  80  5:13  Drone x2, Extractor  
  81  5:17  Overlord x2  
  81  5:20  Overlord  
  81  5:27  Overseer, Overlord  
  81  5:29  Overlord  
  81  5:32  Overlord  
  81  5:34  Overseer, Overlord  
  81  5:36  Drone x4  
  81  5:38  Extractor  
  81  5:40  Drone x2  
  86  5:50  Drone x4  
  86  5:51  Centrifugal Hooks  
  86  5:52  Evolution Chamber  
  86  5:54  Drone x3  
  86  5:55  Drone x5, Evolution Chamber  
  97  5:57  Drone  
  97  6:04  Queen, Drone x2  
  99  6:11  Drone x5  
  99  6:15  Zergling x10  
  106  6:24  Zergling x10  
  111  6:27  Spore Crawler, Drone  
  109  6:34  Zerg Ground Armor Level 1, Zerg Melee Weapons Level 1  
  109  6:35  Drone x3  
  109  6:37  Drone  
  109  6:38  Drone x3  
  114  6:45  Drone x6  
  120  6:49  Hydralisk Den  
  120  6:50  Overlord  
  120  6:51  Drone, Hatchery  
  120  6:52  Zergling x4  
  121  6:57  Drone x2, Overlord  
  121  6:59  Zergling x6, Baneling  
  126  7:05  Baneling x6  
  126  7:08  Zergling x2  
  126  7:09  Zergling x6  
  130  7:19  Zergling x14  
  130  7:20  Baneling x4  
  137  7:29  Zergling x20, Grooved Spines  
  147  7:34  Baneling x5  
  147  7:35  Zergling x6  
  150  7:41  Baneling, Overlord  
  150  7:42  Baneling  
  150  7:43  Baneling x2, Overlord  
  150  7:44  Overlord  
  150  7:47  Overlord  
  150  7:50  Overlord  
  150  7:51  Overlord  
  150  7:52  Baneling  
  150  7:59  Baneling x4  
  150  8:00  Queen x2  
  150  8:03  Zergling x26  
  163  8:08  Zergling x2  
  163  8:12  Zergling x8  
  150  8:15  Zergling x6  
  150  8:17  Baneling x6  
  140  8:20  Zergling x12  
  140  8:21  Zergling x2  
  140  8:23  Baneling  
  140  8:24  Zergling x10, Baneling  
  148  8:27  Zergling x4  
  148  8:30  Zergling x2  
  135  8:35  Zergling x4  
  135  8:38  Zergling x4  
Tags
 
Add a new tag
Caveats
  • Supply blocks, unpowered buildings, or Contaminate may cause inaccurate times.
  • Supply counts are checked every 10 seconds.